AoeStats
← Khirs

MegaRandom

509147586Analyzed
4v4 RM · 5d ago on Sep 25, 2026· 63m 51s· 8 players
Game mode
Random Map
Map size
Large (8 player)
Population
200
Speed
Normal
Resources
Standard
Victory
Conquest
Starting age
Dark Age
Ending age
Imperial Age
RankedLock teamsTeams togetherTeam positionsShared explorationLock speedFull tech treeHidden civsTurbo modeCheats
Victory
Defeat
🇦🇷 Portuguese · Argentina
724
+17
🇹🇼 Britons · Taiwan
657
+20
🇺🇸 Franks · United States
627
+21
🇦🇷 Vikings · Argentina
449
+27
🇪🇸 Chinese · Spain
790
-22
🇭🇰 Berbers · Hong Kong SAR China
724
-21
🇭🇰 Shu · Hong Kong SAR China
720
-21
🇭🇰 Koreans · Hong Kong SAR China
719
-21
jswag official
8:15 Loom
10:41 Feudal Age
11:30 Double-Bit Axe
18:51 Scale Barding Armor
26:41 Castle Age
26:49 Forging
27:44 Wheelbarrow
27:33 Husbandry
26:55 Light Cavalry
28:08 Chain Barding Armor
28:25 Iron Casting
28:13 Bow Saw
36:58 Imperial Age
38:22 Hand Cart
37:55 Town Watch
38:35 Cavalier
40:45 Plate Barding Armor
41:34 Conscription
41:51 Chivalry
41:19 Paladin
43:33 Blast Furnace
61:43 Town Patrol
ezequielb89
1:18 Loom
12:41 Feudal Age
14:45 Town Watch
14:54 Double-Bit Axe
14:52 Horse Collar
15:51 Gold Mining
15:52 Stone Mining
21:47 Castle Age
22:02 Forging
21:53 Scale Mail Armor
21:59 Scale Barding Armor
21:44 Fletching
21:55 Padded Archer Armor
22:00 Elite Skirmisher
22:01 Crossbowman
22:31 Arson
22:46 Squires
22:08 Man-at-Arms
23:13 Heavy Plow
23:55 Gold Shaft Mining
25:41 Town Patrol
25:16 Long Swordsman
26:10 Pikeman
28:39 Light Cavalry
30:49 Iron Casting
39:30 Imperial Age
40:20 Leather Archer Armor
40:21 Chain Mail Armor
40:26 Chain Barding Armor
40:14 Two-Handed Swordsman
41:49 Ring Archer Armor
42:39 Plate Mail Armor
42:59 Bodkin Arrow
47:30 Bracer
48:32 Blast Furnace
46:55 Elite Varangian Guard
53:05 Champion
53:08 Cavalier
64:37 Chemistry
BoYu
10:22 Feudal Age
12:45 Gold Mining
12:49 Double-Bit Axe
12:48 Horse Collar
17:26 Wheelbarrow
24:55 Castle Age
25:17 Pikeman
26:08 Squires
25:53 Gambesons
25:55 Arson
26:28 Forging
26:19 Scale Mail Armor
27:29 Hand Cart
29:01 Bow Saw
28:54 Heavy Plow
34:11 Ballistics
33:53 Gold Mining
38:57 Imperial Age
40:53 Chemistry
40:45 Halberdier
42:10 Heavy Scorpion
45:33 Two-Man Saw
45:19 Iron Casting
45:00 Chain Mail Armor
46:28 Capped Ram
nahuelbasylkiv
11:58 Feudal Age
12:30 Double-Bit Axe
12:51 Horse Collar
16:56 Horse Collar
22:25 Castle Age
21:02 Wheelbarrow
20:13 Loom
20:19 Town Watch
20:30 Fletching
20:43 Padded Archer Armor
22:05 Gold Mining
22:21 Stone Mining
23:36 Bow Saw
24:37 Crossbowman
29:17 Stone Shaft Mining
31:58 Circumnavigation
31:31 Pikeman
34:31 Treadmill Crane
35:07 Caravan
36:54 Thumb Ring
37:19 Ballistics
40:05 Gambesons
39:41 Man-at-Arms
40:06 Arson
42:34 Forging
42:26 Scale Mail Armor
42:21 Bodkin Arrow
42:43 Leather Archer Armor
47:40 Iron Casting
46:28 Elite Skirmisher
56:34 Imperial Age
54:27 Long Swordsman
59:19 Two-Man Saw
58:27 Arquebus
59:04 Capped Ram
Khirs
1:08 Loom
12:00 Feudal Age
12:40 Double-Bit Axe
13:39 Horse Collar
16:16 Gold Mining
19:51 Castle Age
19:15 Stone Mining
20:36 Heavy Plow
20:50 Bow Saw
20:15 Pikeman
24:21 Fletching
31:34 Stone Shaft Mining
34:45 Imperial Age
32:37 Padded Archer Armor
32:48 Great Wall
33:12 Thumb Ring
33:48 Ballistics
34:00 Bodkin Arrow
35:56 Conscription
36:50 Rocketry
37:18 Fortified Wall
37:04 Murder Holes
37:20 Masonry
38:42 Bracer
39:56 Gold Shaft Mining
40:46 Leather Archer Armor
41:30 Wheelbarrow
42:36 Coinage
44:02 Chemistry
43:34 Architecture
44:26 Two-Man Saw
43:21 Halberdier
44:42 Ring Archer Armor
44:24 Forging
44:15 Scale Mail Armor
44:49 Caravan
46:23 Banking
45:52 Elite Chu Ko Nu
49:48 Hand Cart
53:55 Iron Casting
arbeecheung
14:52 Feudal Age
16:04 Double-Bit Axe
17:59 Wheelbarrow
24:16 Castle Age
22:55 Loom
25:36 Light Cavalry
26:46 Horse Collar
27:43 Husbandry
29:53 Thumb Ring
31:41 Forging
37:03 Imperial Age
35:18 Scale Barding Armor
35:49 Iron Casting
36:20 Caravan
38:32 Gold Mining
38:33 Stone Mining
38:57 Heavy Plow
39:10 Bow Saw
42:25 Two-Man Saw
45:16 Crossbowman
45:22 Elite Skirmisher
60:33 Squires
60:39 Scale Mail Armor
On2toy
12:41 Feudal Age
13:59 Double-Bit Axe
18:51 Castle Age
18:00 Stone Mining
18:01 Gold Mining
22:41 Wheelbarrow
24:53 Horse Collar
25:48 Bow Saw
27:58 Hand Cart
28:34 Gold Shaft Mining
28:40 Heavy Plow
33:54 Imperial Age
36:55 Two-Man Saw
36:16 Fletching
36:26 Padded Archer Armor
38:16 Caravan
38:46 Coinage
38:47 Bolt Magazine
39:07 Conscription
39:07 Leather Archer Armor
38:49 Bodkin Arrow
40:37 Coinage
40:07 Caravan
40:18 Guilds
42:32 Ring Archer Armor
42:02 Bracer
42:28 Thumb Ring
41:44 Crossbowman
44:48 Arbalester
47:16 Heated Shot
47:47 Ballistics
48:28 Chemistry
47:35 Siege Engineers
47:40 Fortified Wall
58:40 Squires
58:27 Arson
59:44 Gambesons
59:20 Pikeman
60:55 Banking
61:57 Halberdier
DEVILNATURE
0:36 Loom
12:17 Feudal Age
14:50 Wheelbarrow
19:22 Castle Age
17:42 Fletching
21:36 Pikeman
23:30 Scale Mail Armor
23:31 Padded Archer Armor
28:41 Gold Mining
28:43 Stone Mining
30:05 Thumb Ring
33:33 Hand Cart
33:30 Double-Bit Axe
34:48 Bodkin Arrow
37:14 Caravan
38:25 Elite Skirmisher
42:38 Imperial Age
43:15 Elite Genitour
45:15 Bow Saw
47:35 Guilds
60:34 Chain Mail Armor
Connection lost

Rejoining the realm…

Still unreachable

The connection could not be restored.

Session expired

The server has moved on; the page needs a fresh start.